Map: Torres del ocaso

Players

uperdeck

  • Race: Protoss Protoss
  • League: Gold

Argonas - Winner!

  • Race: Terran Terran
  • League: Bronze

VOD

Have the link to the VOD?

Description

Time

  • Played on: Feb. 22, 2016, 6:16 p.m.
  • Length: 6:21
Show
View Real Time Build Order
Export as new Build Order

uperdeck Protoss 

Build Orders:  

Get SALT Encoding   

  12  0:01  Probe (Chrono Boost)  
  13  0:11  Probe (Chrono Boost)  
  14  0:22  Probe (Chrono Boost), Pylon  
  15  0:32  Assimilator  
  15  0:40  Probe (Chrono Boost)  
  16  0:45  Gateway  
  16  0:51  Probe (Chrono Boost)  
  17  1:01  Probe (Chrono Boost)  
  17  1:04  Gateway  
  18  1:12  Probe (Chrono Boost)  
  19  1:22  Probe (Chrono Boost)  
  19  1:25  Assimilator  
  20  1:32  Cybernetics Core  
  20  1:42  Gateway  
  20  1:47  Pylon  
  20  1:52  Probe (Chrono Boost)  
  23  2:09  Mothership Core (Chrono Boost)  
  23  2:10  Adept (Chrono Boost)  
  23  2:12  Adept (Chrono Boost)  
  27  2:21  Pylon  
  27  2:25  Warp Gate (Chrono Boost)  
  27  2:32  Adept (Chrono Boost)  
  29  2:58  Stalker x2 (Chrono Boost)  
  33  3:08  Stalker (Chrono Boost)  
  28  3:37  Stalker  
  28  3:38  Stalker  
  32  3:47  Robotics Facility  
  32  3:49  Gateway  
  32  3:51  Probe  
  33  3:59  Sentry  
  35  4:03  Probe  
  36  4:16  Nexus  
  36  4:36  Stargate  
  36  4:43  Stalker  
  38  4:46  Pylon  
  38  4:57  Stalker  
  41  5:27  Void Ray (Chrono Boost)  
  43  5:47  Stalker x4  
Show
View Real Time Build Order
Export as new Build Order

Argonas Terran - Winner!

Build Orders: 1/1/1, Liberator Opening 

Get SALT Encoding   

  12  0:02  SCV  
  13  0:18  SCV  
  14  0:23  Supply Depot  
  14  0:32  SCV, Refinery  
  15  0:46  Barracks  
  15  0:49  SCV  
  16  1:17  SCV  
  17  1:22  Refinery  
  17  1:31  SCV, Supply Depot  
  18  1:34  Marine  
  18  1:38  Factory  
  19  1:48  Orbital Command  
  19  1:53  Marine  
  20  2:11  Marine  
  22  2:15  SCV  
  22  2:23  Factory Tech Lab  
  22  2:26  Starport  
  22  2:32  Marine  
  22  2:33  Supply Depot  
  23  2:43  Siege Tank  
  26  3:06  Medivac  
  28  3:17  Engineering Bay  
  27  3:38  Marine  
  31  3:41  Siege Tank  
  31  3:43  Terran Infantry Weapons Level 1  
  31  3:44  Liberator  
  31  3:56  Marine  
  35  4:14  Marine  
  36  4:32  Supply Depot, Marine  
  37  4:49  Marine  
  38  4:53  Siege Tank  
  41  5:07  Marine  
  42  5:25  Marine  
  43  5:46  Marine  
  43  5:47  Siege Tank  
Tags
 
Add a new tag
Caveats
  • Supply blocks, unpowered buildings, or Contaminate may cause inaccurate times.
  • Supply counts are checked every 10 seconds.